 Dungeon Crawl Stone Soup version 0.22-a0-407-gb098539 (webtiles) character file.

1414 emperorscorpion the Carver (level 8, -14/73 HPs)
             Began as a Minotaur Berserker on May 10, 2018.
             Was a Believer of Trog.
             Hit by a large rock thrown by a cyclops (43 damage)
             ... on level 6 of the Dungeon.
             The game lasted 00:03:28 (2892 turns).

emperorscorpion the Carver (Minotaur Berserker)     Turns: 2892, Time: 00:03:29

Health: -14/73     AC: 10    Str: 25    XL:     8   Next: 43%
Magic:  7/7        EV: 10    Int:  4    God:    Trog [**....]
Gold:   99         SH:  0    Dex:  9    Spells: 7/7 levels left

rFire    . . .     SeeInvis .   a - +0 falchion
rCold    . . .     Gourm    .   (no shield)
rNeg     . . .     Faith    .   w - +0 chain mail
rPois    .         Spirit   .   (helmet restricted)
rElec    .         Reflect  .   (no cloak)
rCorr    .         Harm     .   (no gloves)
MR       .....                  (no boots)
Stlth    ..........             (no amulet)
HPRegen  0.22/turn              (no ring)
MPRegen  0.10/turn              (no ring)

@: no status effects
A: retaliatory headbutt, horns 2
a: Berserk, Trog's Hand, Renounce Religion


You were on level 6 of the Dungeon.
You worshipped Trog.
Trog was pleased with you.
You were not hungry.

You visited 1 branch of the dungeon, and saw 6 of its levels.

You collected 99 gold pieces.

Inventory:

Hand Weapons
 a - a +0 falchion (weapon)
 b - a +0 shortbow of flaming
Missiles
 e - 20 sling bullets
 h - 125 stones (quivered)
 j - 7 tomahawks
 l - 60 bolts
 m - 12 poisoned needles
 q - 46 arrows
Armour
 k - a +0 scale mail
 u - a +0 animal skin
 w - a +0 chain mail (worn)
Scrolls
 f - a scroll of random uselessness {unknown}
 i - 2 scrolls of teleportation {unknown}
 n - 2 scrolls of remove curse {unknown}
 o - 5 scrolls of identify {unknown}
 r - 2 scrolls of enchant armour {unknown}
Potions
 d - a potion of lignification {unknown}
 g - a potion of might {unknown}
 p - 2 potions of mutation {unknown}
 s - a potion of curing {unknown}
 t - a potion of haste
Comestibles
 c - 5 rations
 v - 2 chunks of flesh


   Skills:
 + Level 7.1 Fighting
 + Level 8.4 Long Blades
 + Level 6.1 Armour
 + Level 5.0 Dodging
 + Level 1.0 Stealth


You had 7 spell levels left.
You didn't know any spells.

Dungeon Overview and Level Annotations

Branches:
Dungeon (6/15)
 Temple: D:4-7

Altars:
Qazlal


Innate Abilities, Weirdness & Mutations

You reflexively headbutt those who attack you in melee.
You have a pair of horns on your head.


Message History

Your headbutt misses the jackal skeleton.
The jackal skeleton closely misses you. You furiously retaliate!
You headbutt the jackal skeleton.
You riposte.
Your chain mail prevents you from hitting the jackal skeleton.
The jackal skeleton is heavily damaged.
You slash the jackal skeleton!
You destroy the jackal skeleton!
Trog accepts your kill.
No target in view!
No target in view!
A cyclops comes into view.
The cyclops shouts!
The cyclops throws a large rock.
The large rock hits you!!
You see here a large rock.
A cyclops is nearby!
The cyclops throws a large rock.
The large rock hits you!!
You see here a large rock.
The cyclops throws a large rock.
The large rock hits you!!!
Ouch! That really hurt!
You die...

.. #.#.# .......
#.#.# #..#...
.######.####
......
...........#
.C...
.######.#### #...
#.# #.##... #.#
.......########.#
.......(@.......#
#.##...##########
#... .....
#.#.... # #....
..... .#....


You could see a cyclops.

Vanquished Creatures
  Pikel (D:4)
  A sky beast (D:5)
  2 slaves (D:4)
  A phantom (D:5)
  A centaur (D:5)
  A water moccasin zombie (D:5)
  2 scorpions (D:5)
  3 wights (D:5)
  A crimson imp (D:5)
  A centaur zombie (D:5)
  A bullfrog zombie (D:5)
  2 hounds (D:5)
  An orc priest (D:5)
  5 worker ants (D:5)
  An orc wizard (D:5)
  5 adders
  An adder skeleton (D:4)
  2 worms
  A dart slug (D:2)
  A leopard gecko (D:2)
  4 orcs
  A giant cockroach (D:5)
  3 goblins
  2 hobgoblins (D:1)
  A quokka (D:5)
  A ball python (D:1)
  3 bats (D:2)
  3 frilled lizards (D:2)
  A jackal skeleton (D:6)
  4 kobolds
  3 rats
60 creatures vanquished.

Notes
Turn   | Place    | Note
-------+----------+-------------------------------------------
     0 | D:1      | emperorscorpion the Minotaur Berserker began the quest for the Orb.
     0 | D:1      | Reached XP level 1. HP: 19/19 MP: 0/0
   447 | D:1      | Reached XP level 2. HP: 26/27 MP: 1/1
   594 | D:2      | Reached skill level 4 in Long Blades
   884 | D:3      | Found a stormy altar of Qazlal.
  1052 | D:4      | Noticed a slave
  1053 | D:4      | Noticed a slave
  1078 | D:4      | Killed a slave
  1082 | D:4      | Killed a slave
  1113 | D:4      | Noticed a slave
  1207 | D:4      | Reached XP level 3. HP: 28/33 MP: 2/2
  1315 | D:4      | Noticed Pikel
  1323 | D:4      | Killed Pikel
  1323 | D:4      | Reached skill level 5 in Fighting
  1323 | D:4      | Reached skill level 6 in Long Blades
  1323 | D:4      | Reached XP level 4. HP: 35/44 MP: 3/3
  1323 | D:4      | Reached XP level 5. HP: 40/50 MP: 4/4
  1323 | D:4      | Reached XP level 6. HP: 46/57 MP: 5/5
  1324 | D:4      | Noticed a freed slave
  1603 | D:5      | Entered Level 5 of the Dungeon
  1618 | D:5      | Reached ** piety under Trog
  1618 | D:5      | Reached XP level 7. HP: 62/62 MP: 6/6
  1682 | D:5      | Reached skill level 7 in Long Blades
  1910 | D:5      | Reached skill level 5 in Armour
  1935 | D:5      | Reached skill level 1 in Stealth
  1935 | D:5      | Reached XP level 8. HP: 37/71 MP: 7/7
  2505 | D:5      | Reached skill level 8 in Long Blades
  2640 | D:5      | Reached skill level 5 in Dodging
  2890 | D:6      | Noticed a cyclops
  2892 | D:6      | Hit by a large rock thrown by a cyclops

Vault maps used:
D:1:      evilmike_arrival_crescent
D:2:      makhleb_altar_promises_db, first_ration
D:3:      nicolae_qazlal_eye_of_the_storm
D:4:      nicolae_overflow_hidden_temple, grunt_decor_fettered, uniq_eustachio,
          uniq_pikel
D:5:      wad_crossroads
D:6:      led_sif_pool, minitemple, temple_green, serial_shops,
          nicolae_shop_overgrown_old_shop

Skill      XL: |  1  2  3  4  5  6  7  8 |
---------------+-------------------------+-----
Long Blades    | 4 6 7 8 |  8.4
Fighting       | 4 5 6 7 |  7.1
Armour         | 4 5 6 |  6.1
Dodging        | 3 4 5 |  5.0
Stealth        | 1 |  1.0

Action                   |  1- 3 |  4- 6 |  7- 9 || total
-------------------------+-------+-------+-------++-------
Melee: Falchion          |    64 |    11 |   122 ||   197
       Headbutt          |    13 |     2 |    20 ||    35
Invok: Berserk           |     3 |     1 |     3 ||     7
  Eat: Chunk             |     3 |     1 |     9 ||    13
Armor: Animal skin       |    10 |       |       ||    10
       Scale mail        |     8 |     5 |    34 ||    47
       Chain mail        |       |       |     7 ||     7
Dodge: Dodged            |    38 |     6 |    62 ||   106
       Rpst.: Falchion   |     9 |       |    17 ||    26

Table legend:
 A = Spawn XP
 B = Non-spawn XP
 C = Spawn XP percentage of total XP
 D = Spawn monster count
 E = Non-spawn monster count
 F = Spawn count percentage of total count
 G = Total turns spent on level
                    A         B        C        D         E        F      G
               +---------+---------+-------+---------+---------+-------+---------
         Total |       0 |    2020 |   0.0 |       0 |      58 |   0.0 |  2892
               +---------+---------+-------+---------+---------+-------+---------
           D:1 |       0 |       6 |   0.0 |       0 |       4 |   0.0 |   458
           D:2 |       0 |      27 |   0.0 |       0 |      14 |   0.0 |   363
           D:3 |       0 |       5 |   0.0 |       0 |       4 |   0.0 |   224
           D:4 |       0 |     677 |   0.0 |       0 |       5 |   0.0 |   558
           D:5 |       0 |    1304 |   0.0 |       0 |      30 |   0.0 |  1210
           D:6 |       0 |       1 |   0.0 |       0 |       1 |   0.0 |    79
               +---------+---------+-------+---------+---------+-------+---------
